 Seeded DCSS version 0.30.0-5-g1a98f26d00 (webtiles) character file.

Game seed: 4 (custom seed)

649 Kazon the Cleaver (level 7, -6/62 HPs)
             Began as a Hill Orc Monk on May 12, 2023.
             Was a Priest of Beogh.
             Mangled by an ice devil (18 damage)
             ... on level 2 of the Abyss.
             The game lasted 00:10:41 (2821 turns).

Kazon the Cleaver (Hill Orc Monk)                   Turns: 2821, Time: 00:10:41

Health: -6/62      AC: 11    Str: 16    XL:     7   Next: 53%
Magic:  7/7        EV:  8    Int: 10    God:    Beogh [***...]
Gold:   234        SH:  0    Dex: 13    Spells: 5/6 levels left

rFire   . . .        s - +8 hand axe "Killer Klown's Curse" {heavy, Will+}
rCold   . . .        d - orb {light}
rNeg    . . .        e - +0 chain mail
rPois   .            l - +0 helmet
rElec   .            (no cloak)
rCorr   .            q - +0 pair of gloves
SInv    .            (no boots)
Will    +....        (no amulet) Stlth
                     (no ring)
HPRegen 0.30/turn    (no ring)
MPRegen 0.10/turn

%: no passive effects
@: glowing
A: no striking features
a: Renounce Religion, Smiting


You were on level 2 of the Abyss.
You worshipped Beogh.
Beogh was most pleased with you.
You visited 1 branch of the dungeon, and saw 4 of its levels.
You visited the Abyss 1 time.

You collected 234 gold pieces.

Inventory:

Hand Weapons
 a - a +0 hand axe
 s - the +8 hand axe "Killer Klown's Curse" (weapon) {heavy, Will+}
   (You found it on level 2 of the Dungeon)

   Will:      It increases your willpower.
 v - a +0 morningstar of venom
Missiles
 f - a throwing net
 g - 12 boomerangs
 h - 14 stones (quivered)
 x - 5 poisoned darts
Armour
 d - an orb of light (worn)
 e - a +0 chain mail (worn)
 l - a +0 helmet (worn)
 q - a +0 pair of gloves (worn)
 u - a +1 ring mail of cold resistance
Jewellery
 o - an amulet of faith
Wands
 t - a wand of flame (12)
 z - a wand of iceblast (6)
Scrolls
 b - 5 scrolls of identify {unknown}
 c - 2 scrolls of amnesia {unknown}
 i - a scroll of teleportation {unknown}
 j - a scroll of butterflies {unknown}
 r - a scroll of acquirement {unknown}
 y - a scroll of vulnerability {unknown}
 A - a scroll of fog {unknown}
Potions
 k - a potion of degeneration {unknown}
 m - a potion of ambrosia
 n - 3 potions of brilliance {unknown}
 p - a potion of curing
 w - a potion of heal wounds {unknown}
 B - a potion of flight {unknown}
 C - a potion of might {unknown}


   Skills:
 + Level 5.6 Fighting
 + Level 8.3 Axes
 + Level 0.3 Throwing
 + Level 3.3 Armour
 + Level 3.3 Dodging
 + Level 0.1 Stealth


You had 5 spell levels left.
You knew the following spells:

 Your Spells              Type           Power      Damage    Failure   Level
a - Magic Dart            Conj           0%         1d3       99%         1

Your spell library contained the following spells:

 Spells                   Type           Power      Damage    Failure   Level
 Call Imp                 Summ           0%         N/A       100%        2
 Cigotuvi's Dreadful Rot  Necr/Pois/Air  0%         N/A       100%        2
 Ignite Poison            Fire/Tmut/Pois 0%         N/A       100%        3
 Mephitic Cloud           Conj/Pois/Air  0%         N/A       100%        3
 Freezing Cloud           Conj/Ice/Air   0%         6-21      100%        5


Dungeon Overview and Level Annotations

Branches:
Dungeon (4/15)
 Temple: D:4-7

Altars:
Ashenzari
Gozag

Shops:
D:1 (([!

Annotations:
D:4 Kazon's ghost, novice HuCj


Message History

Kazon's ghost is heavily damaged.
Kazon's ghost closely misses you.
You slash Kazon's ghost!
Kazon's ghost is severely damaged.
Kazon's ghost hits you. Space warps around you.
Kazon's ghost hits you but does no damage.
Space warps around you.
You hit Kazon's ghost.
Kazon's ghost is severely damaged.
Kazon's ghost hits you. Space warps around you.
You hit Kazon's ghost.
Kazon's ghost is severely damaged.
Kazon's ghost hits you but does no damage.
You blink.
Kazon's ghost casts a spell at you. The magic dart hits you.
You barely miss Kazon's ghost.
Kazon's ghost is severely damaged.
Kazon's ghost hits you but does no damage.
You are cast into the Abyss!
This branch contains the abyssal rune of Zot.
There is an open translucent door here.
You enter the shallow water.
Moving in this stuff is going to be slow.
An ice devil comes into view.
A shadow comes into view.
The ice devil hits you. The ice devil freezes you!
You slash the ice devil!
The ice devil is moderately wounded.
The ice devil hits you but does no damage.
You hit the ice devil but do no damage.
The ice devil is moderately wounded.
The ice devil hits you! The ice devil freezes you!
* * * LOW HITPOINT WARNING * * *
You slice the ice devil!!
The ice devil is almost dead.
The ice devil hits you.
* * * LOW HITPOINT WARNING * * *
The ice devil freezes you!!
You die...

#. #ยง... #..
##.. .#..# ...
....## #.. #....
.W ..#.#.# #
###.#..# . .
#..#4@# .. #.
#.....## # #
..#.##.#....#.. #
.
#..#.....####.#'#
. ..
........###.###~
#. ##. .
...#.....### ~##
#. ##..#...#...
.~ . ..
.#..........#~#.
.. ##......
.##..#.# .


You could see an ice devil and a shadow.

Vanquished Creatures
  Sigmund (D:2)
  Edmund (D:4)
  A scorpion (D:3)
  A hound (D:3)
  An orc priest (D:4)
  Ijyb (D:4)
  2 orc wizards
  Robin (D:3)
  4 adders
  6 worms
  6 dart slugs
  12 orcs
  4 ball pythons
  9 endoplasms
  5 giant cockroaches
  16 goblins
  4 hobgoblins
  3 jackals (D:2)
  3 quokkas (D:1)
  6 bats
  A frilled lizard (D:3)
  6 kobolds
  8 rats
102 creatures vanquished.

Vanquished Creatures (others)
  4 orcs
4 creatures vanquished.

Grand Total: 106 creatures vanquished

Notes
Turn   | Place    | Note
-------+----------+-------------------------------------------
     0 | D:1      | Kazon the Hill Orc Monk began the quest for the Orb.
     0 | D:1      | Reached XP level 1. HP: 19/19 MP: 1/1
    21 | D:1      | Found Jiuv Boq's Antique Weapon Shoppe.
    45 | D:1      | Reached XP level 2. HP: 24/27 MP: 2/2
   187 | D:1      | Found Yjadgh's Distillery.
   221 | D:1      | Reached XP level 3. HP: 29/33 MP: 3/3
   267 | D:1      | Found Sosuihit's Armour Shoppe.
   325 | D:1      | Found Cyacs's Weapon Emporium.
   564 | D:1      | Learned a level 1 spell: Magic Dart
   718 | D:2      | Noticed an eye of devastation
   773 | D:3      | Found an opulent altar of Gozag.
   860 | D:3      | Noticed Robin
   893 | D:3      | Reached skill level 5 in Axes
   896 | D:3      | Killed Robin
   897 | D:3      | Reached skill level 1 in Armour
   897 | D:3      | Reached XP level 4. HP: 19/41 MP: 4/4
  1088 | D:3      | Noticed a scorpion
  1107 | D:3      | Became a worshipper of Beogh the Brigand
  1107 | D:3      | Reached * piety under Beogh
  1107 | D:3      | Reached ** piety under Beogh
  1140 | D:3      | Killed a scorpion
  1141 | D:3      | Reached XP level 5. HP: 5/47 MP: 5/5
  1143 | D:3      | HP: 1/47 [poisoned by a scorpion]
  1475 | D:3      | Reached skill level 6 in Axes
  2028 | D:2      | Noticed a great orb of eyes
  2030 | D:2      | Noticed an eye of devastation
  2032 | D:2      | Found a faded altar of an unknown god.
  2073 | D:2      | Noticed a shining eye
  2229 | D:2      | Noticed Sigmund
  2230 | D:2      | Identified the +8 hand axe "Killer Klown's Curse" {heavy,
                  | Will+}
  2235 | D:2      | Reached XP level 6. HP: 55/55 MP: 6/6
  2246 | D:2      | Killed Sigmund
  2247 | D:2      | Reached skill level 5 in Fighting
  2247 | D:2      | Reached skill level 7 in Axes
  2546 | D:4      | Noticed Ijyb
  2553 | D:4      | Killed Ijyb
  2554 | D:4      | Reached XP level 7. HP: 53/61 MP: 7/7
  2577 | D:4      | Found a broken altar of Ashenzari.
  2583 | D:4      | Reached *** piety under Beogh
  2597 | D:4      | Noticed Edmund
  2604 | D:4      | Killed Edmund
  2605 | D:4      | Reached skill level 8 in Axes
  2763 | D:4      | Found a runed translucent door.
  2770 | D:4      | Noticed Kazon's ghost (novice HuCj)
  2781 | Abyss:2  | Cast into level 2 of the Abyss (Kazon's ghost)
  2816 | Abyss:2  | Noticed an ice devil
  2817 | Abyss:2  | Noticed a shadow
  2821 | Abyss:2  | Mangled by an ice devil

Illustrated notes

Levels and vault maps discovered:
D:1:      roderic_crossed_star, layout_loops_ring, serial_shops, shop,
          nicolae_shop_tiny_statue_garden, nicolae_shop_tiny_glass, shop
D:2:      cheibrodos_helix_gallery, layout_rooms,
          hellmonk_ecumenical_altar_watching_god, uniq_sigmund
D:3:      layout_basic, nicolae_gozag_seed_capital, nrook_mini_backslash,
          st_stairs_4, serial_bayou_lagoon_b, uniq_robin
D:4:      layout_loops_ring, kennysheep_mini, cheibrodos_ashenzari_chains,
          minmay_temple_entry_junction, ebering_ghost_sewer_d,
          nicolae_wormholes, uniq_ijyb, uniq_eustachio, uniq_edmund
Abyss:2:  base: D:2, due_exit_kobolds

Skill      XL: |  1  2  3  4  5  6  7 |
---------------+----------------------+-----
Fighting       | 4 5 |  5.6
Axes           | 5 6 7 8 |  8.3
Armour         | 1 2 3 |  3.3
Dodging        | 3 |  3.3
Throwing       | |  0.3
Stealth        | |  0.1

Action                     |  1- 3 |  4- 6 |  7- 9 || total
---------------------------+-------+-------+-------++-------
  Melee: Hand axe          |   104 |   132 |    34 ||   270
  Throw: Stone             |       |     2 |     2 ||     4
 Invoke: Convert to Beogh  |       |     1 |       ||     1
    Use: Potion            |       |     3 |       ||     3
 Armour: Leather armour    |    25 |     8 |       ||    33
         Chain mail        |       |    59 |    11 ||    70
  Dodge: Dodged            |    48 |    87 |    10 ||   145
